 Dungeon Crawl Stone Soup version 0.29.1-1-gd02db6906a (webtiles) character file.

Game seed: 16088673527916245519

195 RascalDebosk the Conjurer (level 5, -3/28 HPs)
             Began as a Deep Elf Conjurer on Oct 7, 2022.
             Slain by an ice beast (8 damage)
             ... on level 4 of the Dungeon.
             The game lasted 00:18:10 (4374 turns).

RascalDebosk the Conjurer (Deep Elf Conjurer)       Turns: 4374, Time: 00:18:11

Health: -3/28      AC:  4    Str:  4    XL:     5   Next: 45%
Magic:  13/13      EV: 13    Int: 25    God:
Gold:   293        SH:  0    Dex: 13    Spells: 2/12 levels left

rFire   . . .      SeeInvis .   s - +0 dagger
rCold   . . .      Faith    .   (no shield)
rNeg    . . .      Spirit   .   a - +0 robe
rPois   .          Reflect  .   p - +0 helmet
rElec   .          Harm     .   (no cloak)
rCorr   .          Rampage  .   (no gloves)
Will    .....                   r - +0 pair of boots
Stlth   ++........              (no amulet)
HPRegen 0.09/turn               (no ring)
MPRegen 0.13/turn               (no ring)

@: no status effects
A: no striking features
a: no special abilities


You were on level 4 of the Dungeon.
You visited 1 branch of the dungeon, and saw 5 of its levels.

You collected 293 gold pieces.

Inventory:

Hand Weapons
 s - a +0 dagger (weapon)
Armour
 a - a +0 robe (worn)
 p - a +0 helmet (worn)
 r - a +0 pair of boots (worn)
Wands
 n - a wand of quicksilver (7)
Scrolls
 d - 2 scrolls of blinking {unknown}
 g - 2 scrolls of teleportation {unknown}
 h - 2 scrolls of identify {unknown}
 o - a scroll of summoning {unknown}
 q - a scroll of vulnerability {unknown}
Potions
 c - 4 potions of curing {unknown}
 e - 2 potions of heal wounds {unknown}
 f - a potion of invisibility {unknown}
 i - a potion of mutation {unknown}
 j - a potion of lignification {unknown}
 k - 2 potions of degeneration {unknown}
 l - a potion of flight {unknown}
 m - 2 potions of attraction {unknown}


   Skills:
 + Level 3.6 Dodging
 + Level 3.7 Stealth
 + Level 4.1 Spellcasting
 + Level 5.0 Conjurations
 + Level 2.4 Hexes
 + Level 2.2 Translocations


You had 2 spell levels left.
You knew the following spells:

 Your Spells              Type           Power      Damage    Failure   Level
a - Magic Dart            Conj           100%       1d8       1%          1
b - Searing Ray           Conj           60%        2d6       1%          2
c - Dazzling Flash        Conj/Hex       46%        N/A       6%          3
d - Iskenderun's Mystic   Conj/Tloc      23%        2d6       21%         4

Your spell library contained the following spells:

 Spells                   Type           Power      Damage    Failure   Level
 Inner Flame              Hex/Fire       11%        N/A       16%         3
 Fulminant Prism          Conj/Hex       11%        3d9       19%         4
 Cause Fear               Hex            8%         N/A       32%         4
 Discord                  Hex            8%         N/A       100%        8


Dungeon Overview and Level Annotations

Branches:
Dungeon (5/15)
 Temple: D:4-7

Altars:
Nemelex Xobeh
Uskayaw


Message History

The iguana is lightly wounded.
The iguana closely misses you.
Aiming: Magic Dart (safe; 1% risk of failure)
Press: ? - help, Q - select action, (/) - cycle Shift-Dir - straight line, f/p - iguana
Aim: an iguana (lightly wounded, 100% to hit)
The magic dart hits the iguana.
The iguana is heavily wounded.
The iguana bites you.
Aiming: Magic Dart (safe; 1% risk of failure)
Press: ? - help, Q - select action, (/) - cycle Shift-Dir - straight line, f/p - iguana
Aim: an iguana (heavily wounded, 100% to hit)
The magic dart hits the iguana.
The iguana is severely wounded.
The iguana bites you but does no damage.
Aiming: Magic Dart (safe; 1% risk of failure)
Press: ? - help, Q - select action, (/) - cycle Shift-Dir - straight line, f/p - iguana
Aim: an iguana (severely wounded, 100% to hit)
The magic dart hits the iguana.
You kill the iguana!
* * * LOW MAGIC WARNING * * *
Your Spellcasting skill increases to level 4!
You start resting.
A hound comes into view.
Aiming: Magic Dart (safe; 1% risk of failure)
Press: ? - help, Q - select action, (/) - cycle Shift-Dir - straight line, f - hound
Aim: a hound (wandering, hasn't noticed you, 100% to hit)
The magic dart hits the hound.
The hound is lightly wounded.
The hound barks!
The hound barely misses you.
An ice beast comes into view.
Aiming: Magic Dart (safe; 1% risk of failure)
Press: ? - help, Q - select action, (/) - cycle Shift-Dir - straight line, f/p - hound
Aim: a hound (lightly wounded, 100% to hit)
The magic dart hits the hound.
The hound is heavily wounded.
The hound bites you but does no damage. The hound closely misses you.
Aiming: Magic Dart (safe; 1% risk of failure)
Press: ? - help, Q - select action, (/) - cycle Shift-Dir - straight line, f/p - hound
Aim: a hound (heavily wounded, 100% to hit)
The magic dart hits the hound.
The hound is severely wounded.
* * * LOW MAGIC WARNING * * *
The hound bites you but does no damage.
Aiming: Magic Dart (safe; 1% risk of failure)
Press: ? - help, Q - select action, (/) - cycle Shift-Dir - straight line, f/p - hound
Aim: a hound (severely wounded, 100% to hit)
The magic dart hits the hound!
You kill the hound!
* * * LOW MAGIC WARNING * * *
Your Conjurations skill increases to level 5!
Aiming: Magic Dart (safe; 1% risk of failure)
Press: ? - help, Q - select action, (/) - cycle Shift-Dir - straight line, f - ice beast
Aim: an ice beast (100% to hit)
The magic dart hits the ice beast.
The ice beast is lightly wounded.
* * * LOW MAGIC WARNING * * *
Aiming: Magic Dart (safe; 1% risk of failure)
Press: ? - help, Q - select action, (/) - cycle Shift-Dir - straight line, f/p - ice beast
Aim: an ice beast (lightly wounded, 100% to hit)
The magic dart hits the ice beast.
The ice beast is lightly wounded.
* * * LOW MAGIC WARNING * * *
Aiming: Magic Dart (safe; 1% risk of failure)
Press: ? - help, Q - select action, (/) - cycle Shift-Dir - straight line, f/p - ice beast
Aim: an ice beast (lightly wounded, 100% to hit)
The magic dart hits the ice beast!
The ice beast is heavily wounded.
* * * LOW MAGIC WARNING * * *
Aiming: Magic Dart (safe; 1% risk of failure)
Press: ? - help, Q - select action, (/) - cycle Shift-Dir - straight line, f/p - ice beast
Aim: an ice beast (heavily wounded, 100% to hit)
The magic dart hits the ice beast but does no damage.
The ice beast is heavily wounded.
* * * LOW MAGIC WARNING * * *
The ice beast closely misses you.
Aiming: Magic Dart (safe; 1% risk of failure)
Press: ? - help, Q - select action, (/) - cycle Shift-Dir - straight line, f/p - ice beast
Aim: an ice beast (heavily wounded, 100% to hit)
The magic dart hits the ice beast.
The ice beast is heavily wounded.
* * * LOW MAGIC WARNING * * *
The ice beast hits you but does no damage.
The ice beast closely misses you.
You climb upwards.
There is a stone staircase leading down here.
You hit the ice beast.
The ice beast is heavily wounded.
The ice beast misses you.
You hit the ice beast but do no damage.
The ice beast is heavily wounded.
The ice beast closely misses you.
You barely miss the ice beast.
The ice beast is heavily wounded.
The ice beast hits you. The ice beast freezes you!
* * * LOW HITPOINT WARNING * * *
Magic courses through your body. The ice beast hits you.
* * * LOW HITPOINT WARNING * * *
The ice beast freezes you!
You die...

######.##..............#.#
..# #.###....#####'####.#
#.# #.# #.#..........##.#
#.# #.# #.#..........##.#
#.# #.# #.#..........##.#
#.# #.# #.#..........##.#
#.# #.# #...#...........#
#.# #.#####.#...Y.....###
#.####.......#..@.####.#
#.#.....######...#...#.#
#......(.....#...#.#.#.#
.................#.#.#.#
###.....#..#.#.#.#.#.#.#
..'............#.#.#.#.#
###.....######.#.#.#.#.#
#..#+##.'≈≈≈≈#.#.#.#.#.#
#<.#.##)#≈.⌠≈#.#.#.#.#.##


You could see an ice beast.

Vanquished Creatures
  2 hounds
  2 iguanas
  A gnoll (D:1)
  2 adders (D:3)
  3 worms
  2 orcs
  7 endoplasms
  3 giant cockroaches
  4 goblins
  5 hobgoblins
  A kobold (D:3)
  3 quokkas (D:1)
  5 ball pythons
  4 bats
  2 frilled lizards (D:1)
  A rat (D:2)
47 creatures vanquished.

Notes
Turn   | Place    | Note
-------+----------+-------------------------------------------
     0 | D:1      | RascalDebosk the Deep Elf Conjurer began the quest for the
                  | Orb.
     0 | D:1      | Reached XP level 1. HP: 10/10 MP: 6/6
   558 | D:1      | Reached XP level 2. HP: 15/15 MP: 1/8
   630 | D:1      | Reached skill level 1 in Hexes
   633 | D:1      | Learned a level 2 spell: Searing Ray
   933 | D:1      | Found a faded altar of an unknown god.
  1389 | D:2      | Reached XP level 3. HP: 19/19 MP: 4/9
  1393 | D:2      | Learned a level 3 spell: Dazzling Flash
  1684 | D:2      | Identified the +6 whip of Siqaev {vorpal, rF+ rN++ Stlth-}
  1691 | D:2      | Reached skill level 1 in Translocations
  2488 | D:3      | Found a hide-covered altar of Uskayaw.
  2554 | D:3      | Reached XP level 4. HP: 24/24 MP: 8/11
  2996 | D:3      | You fall into a shaft and drop 1 floor!
  3003 | D:4      | Learned a level 4 spell: Iskenderun's Mystic Blast
  3806 | D:4      | Found a sparkling altar of Nemelex Xobeh.
  3862 | D:4      | Reached XP level 5. HP: 28/28 MP: 6/12
  4333 | D:5      | Entered Level 5 of the Dungeon
  4360 | D:5      | Noticed an ice beast
  4364 | D:5      | Reached skill level 5 in Conjurations
  4374 | D:4      | Slain by an ice beast

Illustrated notes

Levels and vault maps discovered:
D:1:      matt_arrival_spirals, layout_basic,
          hellmonk_ecumenical_altar_pennies_from_heaven
D:2:      layout_basic
D:3:      layout_loops_corners, mainiacjoe_overflow_six_doors_small
D:4:      layout_basic, general_overflow_altar
D:5:      layout_basic, ebering_ghost_sewer_d, serial_shops, shop_fountains

Skill      XL: |  1  2  3  4  5 |
---------------+----------------+-----
Hexes          | 1 2 |  2.4
Stealth        | 3 |  3.7
Translocations | 1 2 |  2.2
Dodging        | 3 |  3.6
Spellcasting   | 4 |  4.1
Conjurations   | 5 |  5.0

Action                   |  1- 3 |  4- 6 || total
-------------------------+-------+-------++-------
Melee: Dagger            |     4 |     7 ||    11
 Cast: Magic Dart        |    57 |    38 ||    95
       Searing Ray       |     3 |     2 ||     5
  Use: Potion            |       |     1 ||     1
 Stab: Sleeping          |       |     2 ||     2
Armor: Robe              |     2 |     5 ||     7
Dodge: Dodged            |    12 |    12 ||    24
